 Dungeon Crawl Stone Soup version 0.23-a0-396-g5214e5f (webtiles) character file.

13 CrossKnight the Ducker (level 2, 0/22 HPs)
             Began as a Demonspawn Gladiator on Nov 2, 2018.
             Slain by a kobold
             ... wielding a +0 club
              (2 damage)
             ... on level 2 of the Dungeon.
             The game lasted 00:03:23 (933 turns).

CrossKnight the Ducker (Demonspawn Gladiator)        Turns: 933, Time: 00:03:23

Health: 0/22       AC:  4    Str: 14    XL:     2   Next: 24%
Magic:  2/2        EV: 13    Int:  9    God:
Gold:   65         SH:  0    Dex: 16    Spells: 1/1 levels left

rFire    . . .     SeeInvis .   a - +0 trident
rCold    . . .     Gourm    .   (no shield)
rNeg     . . .     Faith    .   b - +0 leather armour
rPois    .         Spirit   .   c - +0 helmet
rElec    .         Reflect  .   (no cloak)
rCorr    .         Harm     .   (no gloves)
MR       .....                  (no boots)
Stlth    ++........             (no amulet)
HPRegen  0.07/turn              (no ring)
MPRegen  0.08/turn              (no ring)

@: no status effects
A: thin skeletal structure 1
a: no special abilities


You were on level 2 of the Dungeon.
You were not hungry.

You visited 1 branch of the dungeon, and saw 2 of its levels.

You collected 65 gold pieces.

Inventory:

Hand Weapons
 a - a +0 trident (weapon)
Missiles
 d - 3 throwing nets (quivered)
Armour
 b - a +0 leather armour (worn)
 c - a +0 helmet (worn)
Scrolls
 g - 2 scrolls of teleportation {unknown}
 h - 3 scrolls of enchant armour {unknown}
 j - a scroll of magic mapping {unknown}
 k - 2 scrolls of identify {unknown}
 m - a scroll of remove curse {unknown}
Potions
 e - 3 potions of curing {unknown}
 i - a potion of magic {unknown}
 l - 2 potions of resistance {unknown}
Comestibles
 f - 2 rations


   Skills:
 + Level 2.0 Fighting
 + Level 2.9 Polearms
 + Level 2.0 Throwing
 + Level 0.3 Armour
 + Level 2.9 Dodging


You had one spell level left.
You didn't know any spells.
Your spell library was empty.

Dungeon Overview and Level Annotations

Branches:
Dungeon (2/15)

Altars:


Innate Abilities, Weirdness & Mutations

You have a somewhat thin skeletal structure. (Dex +2, Stealth)


Message History

The slug dart hits you!
* * * LOW HITPOINT WARNING * * *
The kobold hits you with a +0 club.
* * * LOW HITPOINT WARNING * * *
The dart slug launches a dart at you. The slug dart misses you.
The kobold barely misses you. The dart slug closely misses you.
You puncture the dart slug!
The dart slug is almost dead.
The kobold closely misses you.
The dart slug bites you but does no damage.
You completely miss the dart slug.
The dart slug is almost dead.
The kobold barely misses you.
You puncture the dart slug!
You kill the dart slug!
The kobold hits you with a +0 club.
* * * LOW HITPOINT WARNING * * *
The kobold hits you with a +0 club.
You die...

............###.#
...#.#.#.##.# #.#
####.#.#.##.###'####
..#.#.........%.#
.#.#.####........#
..#.#.# #......).#
## ###.# #........#
..# #.....K..#
###.....@..#
...........#
###........#
#............
#.............
#..............
#(.............
#.....$........
#########......


You could see a kobold.

Vanquished Creatures
  A dart slug (D:2)
  2 bats (D:1)
  A giant cockroach (D:1)
  3 goblins (D:1)
  A kobold (D:1)
  A frilled lizard (D:1)
  A rat (D:1)
10 creatures vanquished.

Notes
Turn   | Place    | Note
-------+----------+-------------------------------------------
     0 | D:1      | CrossKnight the Demonspawn Gladiator began the quest for
                  | the Orb.
     0 | D:1      | Reached XP level 1. HP: 16/16 MP: 1/1
   633 | D:1      | Gained mutation: You have a somewhat thin skeletal
                  | structure. (Dex +2, Stealth) [demonic ancestry]
   633 | D:1      | Reached XP level 2. HP: 17/22 MP: 2/2
   933 | D:2      | Slain by a kobold

Vault maps used:
D:1:      evilmike_arrival_crescent, corexii_hall_statues_l
D:2:      lemuel_round_altar, grunt_ministairs_3

Skill      XL: |  1 |
---------------+----+-----
Throwing       | 2 |  2.0
Fighting       | |  2.0
Polearms       | |  2.9
Armour         | |  0.3
Dodging        | |  2.9

Action                   || total
-------------------------++-------
Melee: Trident           ||    34
Armor: Leather armour    ||    31
Dodge: Dodged            ||    66

Table legend:
 A = Non-vault XP
 B = Vault XP
 C = Vault XP percentage of total XP
 D = Non-vault monster count
 E = Vault monster count
 F = Vault count percentage of total count
                 A         B        C        D         E       F
            +---------+---------+-------+---------+---------+-------
      Total |      19 |       0 |   0.0 |      10 |       0 |   0.0
            +---------+---------+-------+---------+---------+-------
        D:1 |      15 |       0 |   0.0 |       9 |       0 |   0.0
        D:2 |       4 |       0 |   0.0 |       1 |       0 |   0.0
            +---------+---------+-------+---------+---------+-------
